 Dungeon Crawl Stone Soup version 0.21-a0-538-gd16b88a (webtiles) character file.

1 slep the Digger (level 1, 0/13 HPs)
             Began as a Formicid Earth Elementalist on Dec 17, 2017.
             Slain by a hobgoblin
             ... wielding a +0 club
              (2 damage)
             ... on level 1 of the Dungeon.
             The game lasted 00:00:25 (30 turns).

slep the Digger (Formicid Earth Elementalist)         Turns: 30, Time: 00:00:26

Health: 0/13       AC:  2    Str: 12    XL:     1   Next: 22%
Magic:  3/3        EV: 12    Int: 14    God:
Gold:   0          SH:  0    Dex: 11    Spells: 3/4 levels left

rFire    . . .     SeeInvis +   (no weapon)
rCold    . . .     Gourm    .   (no shield)
rNeg     . . .     Faith    .   c - +0 robe
rPois    .         Spirit   .   (helmet unavailable)
rElec    .         Reflect  .   (no cloak)
rCorr    .         Harm     .   (no gloves)
MR       .....                  (no boots)
Stlth    ++........             (no amulet)
HPRegen  0.04/turn              (no ring)
MPRegen  0.08/turn              (no ring)

@: no status effects
A: permanent stasis, dig shafts and tunnels, four strong arms, antennae 3
a: Dig, Shaft Self


You were on level 1 of the Dungeon.
You were not hungry.

You visited 1 branch of the dungeon, and saw 1 of its levels.

Inventory:

Missiles
 b - 30 stones (quivered)
Armour
 c - a +0 robe (worn)
Books
 e - a book of Geomancy

   Spells                             Type                      Level
   a - Sandblast                      Earth                        1
   b - Passwall                       Transmutation/Earth          2
   c - Stone Arrow                    Conjuration/Earth            3
   d - Petrify                        Transmutation/Earth          4
   e - Lee's Rapid Deconstruction     Earth                        5
Comestibles
 d - a bread ration


   Skills:
 + Level 1.7 Dodging
 + Level 2.4 Stealth
 + Level 2.3 Spellcasting
   Level 1.1 Transmutations
 + Level 3.6 Earth Magic


You had 3 spell levels left.
You knew the following spells:

 Your Spells              Type           Power        Failure   Level  Hunger
a - Sandblast             Erth           ##....       5%          1    #......


Dungeon Overview and Level Annotations

Branches:
Dungeon (1/15)

Altars:


Innate Abilities, Weirdness & Mutations

You cannot be hasted, slowed, berserked, paralysed or teleported.
You can dig through walls and to a lower floor.
Your four strong arms can wield two-handed weapons with a shield.
You have a pair of large antennae on your head. (SInv)


Message History

You kill the bat!
The kobold hits you but does no damage. The kobold barely misses you.
The hobgoblin barely misses you.
You barely miss the hobgoblin. The kobold barely misses you.
The hobgoblin barely misses you.
The frilled lizard completely misses you.
You hit the hobgoblin.
The hobgoblin is heavily wounded.
The kobold barely misses you. The hobgoblin hits you with a club.
The frilled lizard closely misses you.
You barely miss the hobgoblin.
The hobgoblin is heavily wounded.
The kobold hits you but does no damage. The hobgoblin hits you with a club.
The frilled lizard closely misses you.
You hit the hobgoblin.
The hobgoblin is almost dead.
The kobold hits you with a short sword.
* * * LOW HITPOINT WARNING * * *
The frilled lizard barely misses you. The hobgoblin hits you with a club.
You die...

o#...........#o#
######'''#######
#...........#
#...........# .
.###.......###..
...##'''''##....
#......†........
........lK......
........@g......
#.####..#.......
. #..#.##..##
....#.# ..#
#..#.#.# ...
#..#.#.. .
........ ... ..
..


You could see a hobgoblin, a kobold and a frilled lizard.

Vanquished Creatures
  A bat (D:1)
  A rat (D:1)
2 creatures vanquished.

Notes
Turn   | Place    | Note
-------+----------+-------------------------------------------
     0 | D:1      | slep the Formicid Earth Elementalist began the quest for the Orb.
     0 | D:1      | Reached XP level 1. HP: 13/13 MP: 3/3
    30 | D:1      | Slain by a hobgoblin

Vault maps used:
D:1:      lordsloth_arrival_two_stooges, minmay_pentomino_r2

Action                   || total
-------------------------++-------
Melee: Unarmed           ||    13
Armor: Robe              ||     5
Dodge: Dodged            ||    15

Table legend:
 A = Spawn XP
 B = Non-spawn XP
 C = Spawn XP percentage of total XP
 D = Spawn monster count
 E = Non-spawn monster count
 F = Spawn count percentage of total count
 G = Total turns spent on level
                    A         B        C        D         E        F      G
               +---------+---------+-------+---------+---------+-------+---------
         Total |       0 |       2 |   0.0 |       0 |       2 |   0.0 |    30
               +---------+---------+-------+---------+---------+-------+---------
           D:1 |       0 |       2 |   0.0 |       0 |       2 |   0.0 |    30
               +---------+---------+-------+---------+---------+-------+---------
